 Dungeon Crawl Stone Soup version 0.24-a0-784-g601f8f6d22 (webtiles) character file.

Game seed: 10232274205349138049, levelgen mode: deterministic

11 Gargoyl the Skirmisher (level 2, -9/26 HPs)
             Began as a Centaur Abyssal Knight on Oct 9, 2019.
             Was a Follower of Lugonu.
             Mangled by a sixfirhy (12 damage)
             ... led by a cacodemon
             ... on level 2 of the Abyss.
             The game lasted 00:01:30 (217 turns).

Gargoyl the Skirmisher (Centaur Abyssal Knight)      Turns: 217, Time: 00:01:30

Health: -9/26      AC:  4    Str: 14    XL:     2   Next: 13%
Magic:  3/3        EV:  9    Int: 11    God:    Lugonu [*.....]
Gold:   62         SH:  0    Dex:  8    Spells: 1/1 levels left

rFire    . . .     SeeInvis .   a - +1 hand axe
rCold    . . .     Gourm    .   (no shield)
rNeg     . . .     Faith    .   b - +0 leather armour
rPois    .         Spirit   .   (no helmet)
rElec    .         Reflect  .   (no cloak)
rCorr    .         Harm     .   (no gloves)
MR       .....                  (no barding)
Stlth    ..........             (no amulet)
HPRegen  0.00/turn              (no ring)
MPRegen  0.08/turn              (no ring)

@: non-regenerating, diseased, very quick
A: large, hooves 3, deformed body, speed 2, tough skin 3
a: Depart the Abyss, Renounce Religion


You were on level 2 of the Abyss.
You worshipped Lugonu.
Lugonu was aware of your devotion.
You were not hungry.

You visited 0 branches of the dungeon, and saw 0 of its levels.
You visited the Abyss 1 time.

You collected 62 gold pieces.

Inventory:

Hand Weapons
 a - a +1 hand axe (weapon)
Armour
 b - a +0 leather armour (worn)
Miscellaneous
 d - a sack of spiders
Comestibles
 c - a ration


   Skills:
 + Level 3.3 Fighting
 + Level 2.0 Axes
 + Level 1.5 Armour
 + Level 0.6 Dodging
 + Level 2.0 Invocations


You had one spell level left.
You didn't know any spells.
Your spell library was empty.

Dungeon Overview and Level Annotations

Branches:
Dungeon (0/15)

Altars:


Innate Abilities, Weirdness & Mutations

You have hooves in place of feet.
Armour fits poorly on your strangely shaped body.
You cover ground very quickly.
You have extremely tough skin. (AC +3)


Message History

Orders for allies: a - Attack new target. p - Attack previous target. r - Retreat! s - Stop attacking. g - Guard the area. f - Follow me.
Anything else - Cancel.
Gang up on whom?
Press: ? - help, Dir - move target cursor, f/p - ancient zyme
Aim: an ancient zyme Attack!
Your soldier ant stings the ancient zyme but does no damage.
Your soldier ant stings the ancient zyme!
A hell hound comes into view.
The hell hound barks!
You hear a bark!
A hell hound comes into view.
Your soldier ant stings the ancient zyme.
A sixfirhy and an orange demon come into view.
The orange demon screeches!
You hear a shout!
The cacodemon shouts!
The sixfirhy closely misses you. The sixfirhy hits you!
You die...

..#####....## . #
##.#.#.#.....# ##. #
#.#.....#...#..#....
#x.#h.h##...........#
..##.##h......#.#..# .
##.. #.....a...#.# # #.
...##..x......#. ..### .
.#.##3#.....#..# . #
.#..@#..4#.#.#... .#
..#...#.....§##..#.....#
..##.....##.§2.... #...
. ....#...###..#.# .##
...#.#..#.# .##..# . ..
.##.#.#....## # # .
.##.#). #.# .# # #.
#..#.# # ##. ##§### # .
#..


You could see a cacodemon, an ancient zyme, a sixfirhy and a friendly soldier
ant.

Vanquished Creatures (collateral kills)
  A small abomination (Abyss:2)
1 creature vanquished.

Notes
Turn   | Place    | Note
-------+----------+-------------------------------------------
     0 | Abyss:1  | Gargoyl the Centaur Abyssal Knight began the quest for the
                  | Orb.
     0 | Abyss:1  | Reached XP level 1. HP: 19/19 MP: 2/2
    64 | Abyss:2  | Noticed a thrashing horror
    93 | Abyss:2  | Found a corrupted altar of Lugonu.
   103 | Abyss:2  | Noticed a neqoxec
   157 | Abyss:2  | Noticed a small abomination
   170 | Abyss:2  | Noticed an ancient zyme
   189 | Abyss:2  | Killed a small abomination
   189 | Abyss:2  | Reached XP level 2. HP: 3/26 MP: 3/3
   213 | Abyss:2  | Noticed a hell hound
   213 | Abyss:2  | Noticed a hell hound
   215 | Abyss:2  | Noticed a cacodemon
   215 | Abyss:2  | Noticed a sixfirhy
   215 | Abyss:2  | Noticed an orange demon
   217 | Abyss:2  | Mangled by a sixfirhy

Levels and vault maps discovered:
Abyss:2

Skill      XL: |  1 |
---------------+----+-----
Axes           | 2 |  2.0
Fighting       | |  3.3
Armour         | |  1.5
Dodging        | |  0.6
Invocations    | |  2.0

Action                   || total
-------------------------++-------
Evoke: Sack of spiders   ||     9
  Use: Scroll            ||     2
       Potion            ||     1
Dodge: Dodged            ||     1

Table legend:
 A = Non-vault XP
 B = Vault XP
 C = Vault XP percentage of total XP
 D = Non-vault monster count
 E = Vault monster count
 F = Vault count percentage of total count
                 A         B        C        D         E       F
            +---------+---------+-------+---------+---------+-------
      Total |      16 |       0 |   0.0 |       1 |       0 |   0.0
            +---------+---------+-------+---------+---------+-------
    Abyss:2 |      16 |       0 |   0.0 |       1 |       0 |   0.0
            +---------+---------+-------+---------+---------+-------
